[ AOE2 MATCH · #484101522 ]
Team EWFranks vs Spanish
[ REPLAY ANALYSIS · EXTRACTED FROM THE RECORDED GAME ]
Feudal
—
Castle
—
Imperial
—
| APM avg | 34.9 |
| APM peak | 76 |
| eAPM avg | 24.0 |
| Villagers / military | 33 / 46 |
Focus
⚔️ 24.8% · 🌾 75.2%
Fishing Ship ×48 · Scout Cavalry ×42 · Spearman ×2 · Militia ×2
Feudal
—
Castle
—
Imperial
—
| APM avg | 2.8 |
| APM peak | 21 |
| eAPM avg | 2.0 |
| Villagers / military | 12 / 6 |
Focus
⚔️ 23.5% · 🌾 76.5%
Spearman ×6
Feudal
—
Castle
11:22
Imperial
—
| APM avg | 28.6 |
| APM peak | 56 |
| eAPM avg | 18.5 |
| Villagers / military | 47 / 33 |
Focus
⚔️ 30.1% · 🌾 69.9%
Archer ×15 · Battering Ram ×7 · Mangonel ×6 · Spearman ×5
Feudal
—
Castle
—
Imperial
—
| APM avg | 9.7 |
| APM peak | 64 |
| eAPM avg | 4.8 |
| Villagers / military | 23 / 0 |
Focus
⚔️ 31.3% · 🌾 68.7%
Fishing Ship ×2
Feudal
—
Castle
10:06
Imperial
—
| APM avg | 26.6 |
| APM peak | 49 |
| eAPM avg | 13.6 |
| Villagers / military | 63 / 69 |
Focus
⚔️ 31.6% · 🌾 68.4%
Cavalry Archer ×55 · Archer ×11 · Spearman ×2 · Monk ×1
Feudal
—
Castle
8:09
Imperial
—
| APM avg | 22.0 |
| APM peak | 43 |
| eAPM avg | 10.6 |
| Villagers / military | 21 / 34 |
Focus
⚔️ 40.7% · 🌾 59.3%
Conquistador ×15 · Spearman ×7 · Skirmisher ×5 · Fishing Ship ×4 · Militia ×3 · Battering Ram ×3
Feudal
—
Castle
9:28
Imperial
—
| APM avg | 19.3 |
| APM peak | 32 |
| eAPM avg | 13.3 |
| Villagers / military | 55 / 98 |
Focus
⚔️ 27.0% · 🌾 73.0%
Knight ×93 · Fishing Ship ×47 · Scout Cavalry ×5
Feudal
—
Castle
10:38
Imperial
—
| APM avg | 57.7 |
| APM peak | 82 |
| eAPM avg | 31.4 |
| Villagers / military | 75 / 77 |
Focus
⚔️ 52.2% · 🌾 47.8%
Knight ×69 · Fishing Ship ×13 · Scout Cavalry ×8
Match map
Initial resources + every placement click. Lines = walls · curves = elevation contours. ◆ gold · ⬟ stone · ● berries · ✦ relic · ◌ wall gap
Your base· Open — 5t gap
10552047's base· Open — unwalled flank
Doc1tA's base· ✓ Closed at 11:22 · 98t walls · no gate
Mrlusu2's base· ✓ Closed at 4:39 · 49t walls · no gate
oscaramba's base· Open — unwalled flank
DBKKK's base· Open — unwalled flank
federx's base· Open — unwalled flank
H 2 0's base· Open — unwalled flank
Smoothed initial terrain · ◌ = detected wall gap · hover for details
Inputs per minute
— Taylor - - 10552047
Build order — Taylor
First 150 of 205 actions detected
| 0:03 | Create | Villager (Male) |
| 0:09 | Research | Double-Bit Axe |
| 0:21 | Create | Villager (Male) |
| 0:35 | Create | Villager (Male) |
| 0:36 | Create | Villager (Male) |
| 0:36 | Create | Villager (Male) |
| 0:48 | Build | Lumber Camp |
| 1:08 | Build | Dock |
| 1:12 | Build | Dock |
| 1:19 | Create | Villager (Male) |
| 1:19 | Create | Villager (Male) |
| 1:20 | Create | Villager (Male) |
| 1:26 | Create | Villager (Male) |
| 1:34 | Build | Dock |
| 2:00 | Build | House |
| 2:10 | Create | Villager (Male) |
| 2:18 | Build | Dock |
| 2:21 | Research | Tech 906 |
| 2:21 | Research | Tech 906 |
| 2:25 | Create | Fishing Ship |
| 2:26 | Create | Fishing Ship |
| 2:26 | Create | Fishing Ship |
| 2:38 | Create | Villager (Male) |
| 2:38 | Create | Villager (Male) |
| 2:38 | Create | Villager (Male) |
| 2:41 | Build | Dock |
| 2:57 | Build | Dock |
| 3:05 | Create | Villager (Male) |
| 3:05 | Create | Villager (Male) |
| 3:05 | Create | Villager (Male) |
| 3:25 | Create | Fishing Ship |
| 3:25 | Create | Fishing Ship |
| 3:26 | Create | Fishing Ship |
| 3:26 | Create | Fishing Ship |
| 3:34 | Build | House |
| 3:40 | Create | Fishing Ship |
| 3:40 | Create | Fishing Ship |
| 3:40 | Create | Fishing Ship |
| 3:51 | Build | House |
| 4:05 | Build | Lumber Camp |
| 4:07 | Create | Villager (Male) |
| 4:08 | Create | Villager (Male) |
| 4:08 | Create | Villager (Male) |
| 4:12 | Create | Fishing Ship |
| 4:12 | Create | Fishing Ship |
| 4:16 | Build | House |
| 4:22 | Create | Fishing Ship |
| 4:22 | Create | Fishing Ship |
| 4:37 | Research | Wheelbarrow |
| 4:37 | Research | Wheelbarrow |
| 4:37 | Research | Wheelbarrow |
| 4:39 | Create | Fishing Ship |
| 4:39 | Create | Fishing Ship |
| 4:43 | Create | Fishing Ship |
| 4:43 | Create | Fishing Ship |
| 5:09 | Build | Lumber Camp |
| 5:16 | Create | Fishing Ship |
| 5:16 | Create | Fishing Ship |
| 5:16 | Create | Fishing Ship |
| 5:17 | Create | Fishing Ship |
| 5:17 | Create | Fishing Ship |
| 5:20 | Build | House |
| 5:24 | Build | House |
| 5:30 | Create | Fishing Ship |
| 5:30 | Create | Fishing Ship |
| 5:34 | Create | Villager (Male) |
| 5:34 | Create | Villager (Male) |
| 5:42 | Create | Fishing Ship |
| 5:42 | Create | Fishing Ship |
| 5:42 | Create | Fishing Ship |
| 5:45 | Create | Villager (Male) |
| 5:52 | Build | Lumber Camp |
| 6:03 | Create | Villager (Male) |
| 6:04 | Create | Villager (Male) |
| 6:04 | Create | Villager (Male) |
| 6:06 | Create | Fishing Ship |
| 6:07 | Build | House |
| 6:12 | Create | Fishing Ship |
| 6:13 | Create | Fishing Ship |
| 6:13 | Create | Fishing Ship |
| 6:23 | Create | Fishing Ship |
| 6:24 | Create | Fishing Ship |
| 6:27 | Create | Villager (Male) |
| 6:29 | Create | Fishing Ship |
| 6:29 | Create | Fishing Ship |
| 6:52 | Build | Mill |
| 6:56 | Create | Fishing Ship |
| 6:57 | Create | Fishing Ship |
| 6:58 | Create | Fishing Ship |
| 6:58 | Create | Fishing Ship |
| 7:21 | Build | Stable |
| 7:22 | Build | Stable |
| 7:30 | Create | Spearman |
| 7:32 | Create | Spearman |
| 7:39 | Build | Stable |
| 7:42 | Research | Scale Barding Armor |
| 7:42 | Research | Forging |
| 7:46 | Build | Palisade Wall |
| 7:48 | Build | Palisade Wall |
| 7:49 | Build | Palisade Wall |
| 8:03 | Build | Stable |
| 8:08 | Create | Fishing Ship |
| 8:09 | Create | Fishing Ship |
| 8:26 | Build | House |
| 8:27 | Create | Scout Cavalry |
| 8:27 | Create | Scout Cavalry |
| 8:28 | Create | Scout Cavalry |
| 8:28 | Create | Scout Cavalry |
| 8:32 | Create | Scout Cavalry |
| 8:38 | Build | Stable |
| 8:43 | Build | House |
| 8:57 | Build | Stable |
| 9:00 | Create | Villager (Male) |
| 9:00 | Create | Villager (Male) |
| 9:01 | Create | Scout Cavalry |
| 9:01 | Create | Scout Cavalry |
| 9:02 | Create | Scout Cavalry |
| 9:02 | Create | Scout Cavalry |
| 9:03 | Create | Scout Cavalry |
| 9:03 | Create | Scout Cavalry |
| 9:04 | Create | Scout Cavalry |
| 9:09 | Build | House |
| 9:15 | Create | Fishing Ship |
| 9:15 | Create | Fishing Ship |
| 9:15 | Create | Fishing Ship |
| 9:36 | Create | Scout Cavalry |
| 9:37 | Create | Scout Cavalry |
| 9:37 | Create | Scout Cavalry |
| 9:37 | Create | Scout Cavalry |
| 9:43 | Build | House |
| 9:48 | Build | Lumber Camp |
| 9:51 | Build | Farm |
| 9:51 | Build | Farm |
| 9:51 | Build | Farm |
| 9:51 | Build | Farm |
| 9:52 | Build | Farm |
| 9:57 | Build | Mill |
| 9:57 | Build | Farm |
| 9:57 | Build | Farm |
| 9:58 | Build | Farm |
| 9:58 | Build | Farm |
| 9:58 | Build | Farm |
| 9:58 | Build | Farm |
| 10:00 | Create | Scout Cavalry |
| 10:00 | Create | Scout Cavalry |
| 10:03 | Build | House |
| 10:05 | Create | Scout Cavalry |
| 10:05 | Create | Scout Cavalry |
| 10:07 | Create | Scout Cavalry |
| 10:07 | Create | Scout Cavalry |
Build order — 10552047
24 actions detected in the replay
| 0:27 | Build | House |
| 0:28 | Build | House |
| 0:51 | Create | Villager (Male) ×5 |
| 0:57 | Create | Spearman ×2 |
| 1:26 | Create | Spearman |
| 1:26 | Create | Spearman |
| 1:54 | Create | Villager (Male) |
| 1:55 | Create | Villager (Male) |
| 2:06 | Create | Spearman |
| 2:06 | Create | Spearman |
| 2:23 | Create | Villager (Male) |
| 2:23 | Create | Villager (Male) |
| 3:02 | Create | Villager (Male) |
| 3:02 | Create | Villager (Male) |
| 3:02 | Create | Villager (Male) |
| 3:33 | Build | Stable |
| 3:38 | Build | Stable |
| 3:59 | Build | Mining Camp |
| 4:12 | Research | Wheelbarrow |
| 4:23 | Build | Lumber Camp |
| 4:33 | Research | Arson |
| 5:06 | Build | House |
| 5:07 | Build | House |
| 5:08 | Build | House |
Build order — Doc1tA
First 150 of 167 actions detected
| 0:01 | Create | Villager (Male) |
| 0:01 | Create | Villager (Male) |
| 0:10 | Build | Archery Range |
| 0:27 | Research | Double-Bit Axe |
| 0:28 | Create | Villager (Male) |
| 0:43 | Create | Villager (Male) |
| 0:45 | Build | House |
| 0:46 | Create | Spearman |
| 0:55 | Research | Fletching |
| 0:57 | Create | Archer |
| 1:21 | Build | Archery Range |
| 1:26 | Create | Archer |
| 1:26 | Create | Archer |
| 1:31 | Create | Villager (Male) |
| 1:44 | Build | House |
| 1:48 | Create | Villager (Male) |
| 1:50 | Create | Archer |
| 1:56 | Create | Archer |
| 1:57 | Create | Archer |
| 2:26 | Create | Archer |
| 2:26 | Create | Archer |
| 2:27 | Create | Villager (Male) |
| 2:46 | Create | Villager (Male) |
| 2:50 | Build | House |
| 2:51 | Build | House |
| 2:52 | Create | Archer |
| 2:52 | Create | Archer |
| 3:28 | Create | Spearman |
| 3:28 | Create | Villager (Male) |
| 3:31 | Build | House |
| 3:33 | Build | Palisade Wall |
| 3:37 | Build | Watch Tower |
| 3:44 | Create | Archer |
| 4:06 | Create | Villager (Male) |
| 4:07 | Create | Villager (Male) |
| 4:18 | Create | Villager (Male) |
| 4:18 | Create | Villager (Male) |
| 4:25 | Build | House |
| 4:32 | Build | Palisade Wall |
| 4:34 | Build | Palisade Wall |
| 4:36 | Build | Palisade Wall |
| 4:38 | Build | Palisade Wall |
| 4:44 | Build | House |
| 4:46 | Build | Palisade Wall |
| 5:01 | Create | Villager (Male) |
| 5:27 | Create | Spearman |
| 5:30 | Build | Palisade Wall |
| 5:32 | Build | Palisade Wall |
| 5:49 | Build | House |
| 5:51 | Build | House |
| 5:53 | Build | Palisade Wall |
| 6:27 | Create | Villager (Male) |
| 6:27 | Create | Villager (Male) |
| 6:55 | Build | Market |
| 7:02 | Create | Spearman |
| 7:03 | Create | Archer |
| 7:04 | Create | Archer |
| 7:10 | Create | Villager (Male) |
| 7:13 | Build | Farm |
| 7:49 | Create | Spearman |
| 8:16 | Create | Villager (Male) |
| 8:42 | Research | Castle Age |
| 8:51 | Build | House |
| 8:53 | Build | Palisade Wall |
| 8:56 | Build | Palisade Wall |
| 8:59 | Build | Palisade Wall |
| 9:01 | Build | Palisade Wall |
| 9:06 | Build | House |
| 9:11 | Build | Palisade Wall |
| 9:27 | Build | House |
| 9:31 | Build | House |
| 9:33 | Build | House |
| 9:56 | Build | House |
| 10:07 | Build | House |
| 10:41 | Create | Archer |
| 10:41 | Create | Archer |
| 11:01 | Create | Villager (Male) |
| 11:22 | Age | Castle Age |
| 11:40 | Build | Watch Tower |
| 11:52 | Research | Crossbowman (upgrade) |
| 12:02 | Build | Town Center |
| 12:36 | Build | Farm |
| 12:36 | Build | Farm |
| 12:36 | Build | Farm |
| 12:42 | Create | Villager (Male) |
| 12:43 | Create | Villager (Male) |
| 12:58 | Research | Padded Archer Armor |
| 13:09 | Build | Siege Workshop |
| 13:20 | Create | Villager (Male) |
| 13:21 | Create | Villager (Male) |
| 13:28 | Build | Farm |
| 13:33 | Build | Farm |
| 13:35 | Build | Farm |
| 13:56 | Create | Villager (Male) |
| 13:57 | Create | Villager (Male) |
| 14:03 | Build | Farm |
| 14:13 | Create | Battering Ram |
| 14:14 | Create | Battering Ram |
| 14:34 | Build | Siege Workshop |
| 14:39 | Create | Villager (Male) |
| 14:40 | Create | Villager (Male) |
| 15:10 | Research | Bow Saw |
| 15:16 | Create | Battering Ram |
| 15:28 | Create | Villager (Male) |
| 15:29 | Create | Villager (Male) |
| 15:30 | Create | Battering Ram |
| 15:40 | Create | Villager (Male) |
| 15:41 | Create | Villager (Male) |
| 15:48 | Create | Battering Ram |
| 15:55 | Create | Battering Ram |
| 16:22 | Create | Villager (Male) |
| 16:26 | Build | Farm |
| 16:29 | Create | Mangonel |
| 16:39 | Create | Mangonel |
| 16:42 | Create | Battering Ram |
| 16:58 | Build | Farm |
| 16:59 | Create | Villager (Male) |
| 17:00 | Create | Villager (Male) |
| 17:12 | Create | Mangonel |
| 17:29 | Create | Mangonel |
| 17:35 | Create | Villager (Male) |
| 17:36 | Create | Villager (Male) |
| 17:51 | Create | Villager (Male) |
| 18:03 | Build | Town Center |
| 20:53 | Create | Villager (Male) |
| 20:54 | Create | Villager (Male) |
| 20:55 | Create | Villager (Male) |
| 20:55 | Create | Villager (Male) |
| 21:00 | Build | Mill |
| 21:01 | Build | Farm |
| 21:01 | Build | Farm |
| 21:02 | Build | Farm |
| 21:02 | Build | Farm |
| 21:02 | Build | Farm |
| 21:02 | Build | Farm |
| 21:03 | Build | Farm |
| 21:03 | Build | Farm |
| 21:03 | Build | Farm |
| 21:06 | Build | House |
| 21:07 | Build | House |
| 21:07 | Build | House |
| 21:07 | Build | House |
| 21:08 | Build | House |
| 21:08 | Build | House |
| 21:08 | Build | House |
| 21:08 | Build | House |
| 21:09 | Build | House |
| 21:09 | Build | House |
| 21:09 | Build | House |
| 21:12 | Build | Palisade Wall |
Build order — Mrlusu2
55 actions detected in the replay
| 0:03 | Create | Villager (Male) |
| 0:04 | Create | Villager (Male) |
| 0:05 | Create | Villager (Male) |
| 0:07 | Create | Villager (Male) |
| 0:14 | Build | Stable |
| 0:37 | Create | Villager (Male) |
| 0:44 | Create | Villager (Male) |
| 0:57 | Build | Palisade Wall |
| 1:00 | Build | Palisade Wall |
| 1:04 | Create | Villager (Male) |
| 1:07 | Build | Palisade Wall |
| 1:13 | Create | Villager (Male) |
| 1:18 | Build | Palisade Wall |
| 1:31 | Build | Stable |
| 1:35 | Create | Villager (Male) |
| 1:44 | Build | Palisade Wall |
| 1:52 | Build | Palisade Wall |
| 1:57 | Create | Villager (Male) |
| 2:03 | Create | Villager (Male) |
| 2:07 | Build | Palisade Wall |
| 2:12 | Build | Palisade Wall |
| 2:15 | Build | Palisade Wall |
| 2:17 | Create | Villager (Male) |
| 2:20 | Create | Villager (Male) |
| 2:37 | Create | Villager (Male) |
| 2:41 | Create | Villager (Male) |
| 2:49 | Create | Villager (Male) |
| 2:56 | Create | Villager (Male) |
| 3:00 | Build | Palisade Wall |
| 3:01 | Build | Palisade Wall |
| 3:02 | Create | Villager (Male) |
| 3:13 | Create | Villager (Male) |
| 3:36 | Create | Villager (Male) |
| 3:42 | Create | Villager (Male) |
| 4:02 | Build | Farm |
| 4:02 | Build | Farm |
| 4:02 | Build | Farm |
| 4:03 | Build | Farm |
| 4:05 | Build | Farm |
| 4:24 | Build | Dock |
| 4:28 | Create | Villager (Male) |
| 4:39 | Research | Castle Age |
| 5:04 | Research | Horse Collar |
| 5:05 | Research | Horse Collar |
| 5:16 | Build | Palisade Gate |
| 5:35 | Build | Farm |
| 5:41 | Research | Gold Mining |
| 5:43 | Research | Double-Bit Axe |
| 5:43 | Research | Double-Bit Axe |
| 6:18 | Create | Villager (Male) |
| 6:21 | Build | Farm |
| 6:26 | Build | Farm |
| 6:29 | Create | Fishing Ship |
| 6:32 | Create | Fishing Ship |
| 6:45 | Build | Farm |
Build order — oscaramba
First 150 of 207 actions detected
| 0:03 | Create | Villager (Male) |
| 0:03 | Create | Villager (Male) |
| 0:04 | Create | Villager (Male) |
| 0:04 | Create | Villager (Male) |
| 0:04 | Create | Villager (Male) |
| 0:17 | Build | Archery Range |
| 0:31 | Build | Archery Range |
| 0:45 | Build | House |
| 0:49 | Build | Palisade Wall |
| 0:55 | Build | Palisade Gate |
| 0:59 | Create | Villager (Male) |
| 1:42 | Build | Archery Range |
| 2:03 | Create | Villager (Male) |
| 2:18 | Create | Archer |
| 2:18 | Create | Archer |
| 2:24 | Build | House |
| 2:27 | Create | Villager (Male) |
| 2:35 | Create | Spearman |
| 2:47 | Build | House |
| 2:50 | Build | Palisade Wall |
| 2:54 | Create | Villager (Male) |
| 3:00 | Create | Archer |
| 3:00 | Create | Archer |
| 3:03 | Build | House |
| 3:28 | Build | Palisade Gate |
| 3:33 | Build | House |
| 3:34 | Create | Villager (Male) |
| 3:36 | Create | Archer |
| 3:36 | Create | Archer |
| 3:39 | Build | Palisade Wall |
| 3:42 | Build | House |
| 3:50 | Build | Mill |
| 3:56 | Create | Archer |
| 3:59 | Create | Villager (Male) |
| 3:59 | Create | Archer |
| 3:59 | Create | Archer |
| 4:09 | Build | House |
| 4:10 | Build | House |
| 4:24 | Build | House |
| 4:26 | Build | Palisade Gate |
| 4:28 | Create | Villager (Male) |
| 4:28 | Create | Villager (Male) |
| 4:30 | Create | Archer |
| 4:31 | Create | Archer |
| 4:52 | Research | Fletching |
| 4:52 | Research | Padded Archer Armor |
| 5:16 | Build | House |
| 5:20 | Create | Villager (Male) |
| 5:20 | Create | Villager (Male) |
| 5:27 | Build | House |
| 5:28 | Build | Palisade Wall |
| 5:50 | Build | Archery Range |
| 6:05 | Build | Market |
| 6:10 | Create | Villager (Male) |
| 6:19 | Build | Stable |
| 7:05 | Build | House |
| 7:07 | Build | Palisade Wall |
| 7:26 | Research | Castle Age |
| 7:54 | Research | Double-Bit Axe |
| 7:57 | Research | Horse Collar |
| 8:00 | Build | Farm |
| 8:02 | Build | Farm |
| 8:19 | Build | Farm |
| 8:19 | Build | Farm |
| 8:19 | Build | Farm |
| 8:47 | Create | Spearman |
| 8:58 | Build | Farm |
| 9:02 | Build | Farm |
| 9:06 | Build | Farm |
| 9:36 | Build | House |
| 9:44 | Build | House |
| 9:45 | Build | House |
| 10:06 | Age | Castle Age |
| 10:09 | Create | Cavalry Archer |
| 10:09 | Create | Cavalry Archer |
| 10:10 | Create | Cavalry Archer |
| 10:12 | Research | Husbandry |
| 10:16 | Research | Bloodlines |
| 10:25 | Research | Bodkin Arrow |
| 10:43 | Build | University |
| 10:46 | Create | Cavalry Archer |
| 10:46 | Create | Cavalry Archer |
| 10:52 | Create | Cavalry Archer ×3 |
| 11:00 | Build | House |
| 11:01 | Build | House |
| 11:02 | Create | Villager (Male) |
| 11:15 | Build | Town Center |
| 11:25 | Create | Cavalry Archer ×2 |
| 11:26 | Create | Villager (Male) |
| 11:32 | Build | Farm |
| 11:45 | Build | House |
| 12:09 | Build | House |
| 12:17 | Research | Ballistics |
| 12:20 | Create | Villager (Male) |
| 12:22 | Create | Cavalry Archer |
| 12:30 | Build | Farm |
| 12:41 | Create | Villager (Male) |
| 12:42 | Create | Villager (Male) |
| 12:43 | Create | Cavalry Archer |
| 12:48 | Build | House |
| 13:11 | Build | Farm |
| 13:12 | Create | Villager (Male) |
| 13:13 | Create | Villager (Male) |
| 13:14 | Create | Cavalry Archer ×2 |
| 13:27 | Build | House |
| 13:28 | Build | House |
| 13:29 | Create | Villager (Male) |
| 13:30 | Create | Villager (Male) |
| 13:31 | Create | Cavalry Archer |
| 13:43 | Build | Farm |
| 13:43 | Build | Farm |
| 13:46 | Build | Farm |
| 13:59 | Build | Farm |
| 14:03 | Build | Lumber Camp |
| 14:08 | Create | Cavalry Archer ×2 |
| 14:08 | Create | Villager (Male) |
| 14:09 | Create | Villager (Male) |
| 14:27 | Create | Cavalry Archer ×2 |
| 14:29 | Create | Villager (Male) |
| 14:29 | Create | Villager (Male) |
| 14:31 | Build | Farm |
| 14:34 | Build | House |
| 14:35 | Build | House |
| 14:57 | Create | Villager (Male) |
| 14:57 | Create | Villager (Male) |
| 14:59 | Create | Cavalry Archer |
| 15:08 | Research | Gold Mining |
| 15:20 | Build | Farm |
| 15:20 | Build | Farm |
| 15:20 | Build | Farm |
| 15:24 | Create | Cavalry Archer ×2 |
| 15:26 | Create | Villager (Male) |
| 15:26 | Create | Villager (Male) |
| 15:28 | Create | Villager (Male) |
| 15:28 | Create | Villager (Male) |
| 15:36 | Build | House |
| 15:37 | Build | House |
| 15:55 | Create | Villager (Male) |
| 15:56 | Create | Villager (Male) |
| 15:57 | Create | Cavalry Archer ×3 |
| 16:07 | Build | Monastery |
| 16:15 | Create | Villager (Male) |
| 16:15 | Create | Villager (Male) |
| 16:28 | Build | Mining Camp |
| 16:31 | Create | Villager (Male) |
| 16:31 | Create | Villager (Male) |
| 16:42 | Create | Villager (Male) |
| 16:42 | Create | Villager (Male) |
| 16:44 | Build | House |
| 17:02 | Build | House |
Build order — DBKKK
94 actions detected in the replay
| 0:15 | Create | Villager (Male) |
| 0:15 | Create | Villager (Male) |
| 0:49 | Build | Mining Camp |
| 1:04 | Build | Dock |
| 1:19 | Create | Villager (Male) |
| 1:20 | Create | Villager (Male) |
| 2:03 | Create | Fishing Ship |
| 2:04 | Create | Fishing Ship |
| 2:05 | Create | Fishing Ship |
| 2:05 | Create | Fishing Ship |
| 2:09 | Build | House |
| 2:48 | Create | Militia |
| 2:50 | Create | Spearman |
| 3:07 | Create | Villager (Male) |
| 3:07 | Create | Villager (Male) |
| 3:08 | Create | Villager (Male) |
| 3:49 | Create | Villager (Male) |
| 3:50 | Create | Villager (Male) |
| 4:20 | Build | Stable |
| 4:25 | Build | Archery Range |
| 4:40 | Build | House |
| 4:43 | Build | House |
| 4:47 | Build | House |
| 5:23 | Research | Castle Age |
| 5:38 | Research | Stone Mining |
| 5:45 | Create | Skirmisher |
| 5:46 | Create | Skirmisher |
| 5:48 | Create | Skirmisher |
| 5:48 | Create | Skirmisher |
| 5:48 | Create | Skirmisher |
| 6:15 | Build | Dock |
| 6:40 | Research | Tech 906 |
| 7:20 | Build | Mining Camp |
| 7:34 | Research | Horse Collar |
| 7:45 | Build | Farm |
| 7:48 | Build | Farm |
| 7:49 | Build | Farm |
| 7:51 | Build | Farm |
| 7:59 | Research | Double-Bit Axe |
| 8:09 | Age | Castle Age |
| 8:17 | Build | Stone Wall |
| 9:05 | Create | Spearman |
| 9:05 | Create | Spearman |
| 9:07 | Create | Spearman |
| 9:07 | Create | Spearman |
| 9:51 | Create | Villager (Male) |
| 9:51 | Create | Villager (Male) |
| 10:03 | Build | Town Center |
| 10:50 | Research | Elite Skirmisher (upgrade) |
| 11:22 | Build | Castle |
| 11:57 | Build | University |
| 12:03 | Research | Gold Mining |
| 12:46 | Build | Siege Workshop |
| 13:00 | Create | Conquistador |
| 13:00 | Create | Conquistador |
| 13:00 | Create | Conquistador |
| 13:00 | Create | Conquistador |
| 13:01 | Create | Conquistador |
| 13:01 | Create | Conquistador |
| 13:01 | Create | Conquistador |
| 13:02 | Create | Conquistador |
| 13:02 | Create | Conquistador |
| 13:02 | Create | Conquistador |
| 13:03 | Create | Conquistador |
| 13:15 | Build | Mining Camp |
| 13:21 | Create | Battering Ram |
| 13:21 | Create | Battering Ram |
| 14:20 | Create | Mangonel |
| 14:22 | Create | Battering Ram |
| 14:43 | Create | Villager (Male) |
| 14:43 | Create | Villager (Male) |
| 14:43 | Create | Villager (Male) |
| 15:07 | Build | Watch Tower |
| 15:14 | Build | Watch Tower |
| 15:36 | Create | Spearman |
| 15:36 | Create | Spearman |
| 16:13 | Research | Husbandry |
| 17:01 | Create | Villager (Male) |
| 17:01 | Create | Villager (Male) |
| 17:01 | Create | Villager (Male) |
| 17:02 | Create | Villager (Male) |
| 18:18 | Build | Barracks |
| 18:22 | Create | Conquistador |
| 18:23 | Create | Conquistador |
| 18:23 | Create | Conquistador |
| 18:23 | Create | Conquistador |
| 20:13 | Create | Militia |
| 20:14 | Create | Militia |
| 21:06 | Build | Market |
| 21:49 | Research | Wheelbarrow |
| 21:51 | Create | Villager (Male) |
| 21:51 | Create | Villager (Male) |
| 21:51 | Create | Villager (Male) |
| 22:32 | Build | Castle |
Build order — federx
First 150 of 214 actions detected
| 0:10 | Research | Double-Bit Axe |
| 0:10 | Create | Villager (Male) ×2 |
| 0:11 | Create | Villager (Male) ×2 |
| 0:39 | Create | Villager (Male) ×2 |
| 0:45 | Build | House |
| 0:50 | Build | Dock |
| 0:56 | Build | Dock |
| 1:12 | Build | House |
| 1:14 | Build | House |
| 1:20 | Build | House |
| 1:35 | Build | House |
| 1:36 | Build | House |
| 1:41 | Build | Palisade Wall |
| 1:42 | Build | Palisade Wall |
| 1:43 | Build | Palisade Wall |
| 1:59 | Build | Palisade Wall |
| 2:02 | Build | Palisade Wall |
| 2:06 | Create | Fishing Ship ×3 |
| 2:06 | Create | Fishing Ship ×3 |
| 2:12 | Create | Villager (Male) ×5 |
| 2:54 | Create | Fishing Ship ×3 |
| 3:18 | Build | Stable |
| 3:48 | Build | Stable |
| 4:04 | Create | Villager (Male) |
| 4:05 | Create | Villager (Male) |
| 4:06 | Create | Villager (Male) |
| 4:18 | Build | Lumber Camp |
| 4:25 | Build | Dock |
| 4:36 | Build | Palisade Gate |
| 4:41 | Build | House |
| 4:46 | Create | Fishing Ship |
| 4:47 | Create | Fishing Ship |
| 4:55 | Create | Fishing Ship |
| 5:09 | Create | Fishing Ship |
| 5:10 | Create | Fishing Ship |
| 5:10 | Create | Fishing Ship |
| 5:24 | Create | Villager (Male) |
| 5:25 | Create | Villager (Male) |
| 5:35 | Research | Bow Saw |
| 5:48 | Build | Mining Camp |
| 5:53 | Build | Palisade Wall |
| 5:54 | Build | Palisade Wall |
| 5:58 | Build | Palisade Wall |
| 6:08 | Create | Fishing Ship ×3 |
| 6:09 | Create | Fishing Ship ×3 |
| 6:17 | Research | Tech 906 |
| 6:31 | Create | Fishing Ship ×2 |
| 6:31 | Create | Fishing Ship ×2 |
| 6:39 | Create | Fishing Ship |
| 6:40 | Create | Fishing Ship |
| 6:48 | Research | Castle Age |
| 6:48 | Research | Castle Age |
| 7:18 | Create | Fishing Ship ×5 |
| 7:28 | Create | Scout Cavalry |
| 7:34 | Create | Scout Cavalry |
| 8:01 | Build | Stable |
| 8:10 | Create | Scout Cavalry ×3 |
| 8:16 | Create | Fishing Ship ×5 |
| 8:43 | Research | Gillnets |
| 8:58 | Build | House |
| 8:59 | Build | House |
| 9:00 | Build | House |
| 9:01 | Build | House |
| 9:02 | Build | House |
| 9:02 | Build | House |
| 9:28 | Age | Castle Age |
| 9:49 | Build | Fish Trap |
| 9:51 | Build | Fish Trap |
| 9:55 | Build | Fish Trap |
| 9:58 | Build | Fish Trap |
| 10:02 | Build | Fish Trap |
| 10:04 | Build | Fish Trap |
| 10:05 | Build | Fish Trap |
| 10:12 | Create | Knight ×5 |
| 10:12 | Create | Knight ×5 |
| 10:13 | Create | Knight ×5 |
| 10:22 | Build | Lumber Camp |
| 10:28 | Create | Villager (Male) ×4 |
| 10:33 | Build | Lumber Camp |
| 10:58 | Build | Palisade Wall |
| 11:01 | Build | Palisade Wall |
| 11:03 | Build | Palisade Wall |
| 11:26 | Build | Town Center |
| 11:44 | Build | Fish Trap |
| 11:49 | Build | Fish Trap |
| 11:59 | Build | Fish Trap |
| 12:00 | Build | Fish Trap |
| 12:06 | Build | Fish Trap |
| 12:11 | Build | Fish Trap |
| 12:14 | Build | Fish Trap |
| 12:19 | Build | Fish Trap |
| 12:20 | Create | Knight ×4 |
| 12:23 | Create | Villager (Male) ×5 |
| 12:30 | Build | Fish Trap |
| 12:42 | Create | Villager (Male) ×5 |
| 13:08 | Create | Knight ×2 |
| 13:15 | Build | Fish Trap |
| 13:19 | Build | Fish Trap |
| 13:21 | Build | Fish Trap |
| 13:37 | Create | Villager (Male) ×5 |
| 13:48 | Build | House |
| 13:48 | Build | House |
| 13:49 | Build | House |
| 13:49 | Build | House |
| 13:50 | Build | House |
| 13:50 | Build | House |
| 13:51 | Build | House |
| 13:52 | Build | House |
| 13:52 | Build | House |
| 14:00 | Build | Fish Trap |
| 14:04 | Build | Fish Trap |
| 14:05 | Build | Fish Trap |
| 14:07 | Build | Fish Trap |
| 14:10 | Build | Fish Trap |
| 14:12 | Build | Fish Trap |
| 14:15 | Build | Fish Trap |
| 14:24 | Build | House |
| 14:25 | Build | House |
| 14:25 | Build | House |
| 14:25 | Build | House |
| 14:26 | Build | House |
| 14:26 | Build | House |
| 14:26 | Build | House |
| 14:27 | Build | House |
| 14:44 | Research | Scale Barding Armor |
| 14:51 | Build | Blacksmith |
| 15:24 | Create | Knight ×5 |
| 15:26 | Create | Knight ×2 |
| 15:32 | Research | Forging |
| 15:32 | Research | Forging |
| 15:42 | Build | Mining Camp |
| 16:01 | Research | Chain Barding Armor |
| 16:02 | Research | Chain Barding Armor |
| 16:14 | Research | Gold Mining |
| 16:14 | Research | Gold Mining |
| 16:27 | Build | Stone Wall |
| 16:32 | Create | Knight ×3 |
| 16:33 | Create | Knight ×3 |
| 16:40 | Create | Fishing Ship ×5 |
| 16:41 | Create | Fishing Ship ×5 |
| 16:58 | Research | Iron Casting |
| 16:58 | Research | Iron Casting |
| 17:10 | Create | Knight |
| 17:38 | Build | Stone Wall |
| 17:39 | Build | Stone Wall |
| 17:53 | Build | Farm |
| 17:54 | Build | Farm |
| 17:54 | Build | Farm |
| 17:54 | Build | Farm |
| 17:55 | Build | Farm |
Build order — H 2 0
First 150 of 251 actions detected
| 0:01 | Create | Villager (Male) |
| 0:01 | Create | Villager (Male) |
| 0:19 | Build | Stable |
| 0:28 | Create | Villager (Male) |
| 0:35 | Research | Double-Bit Axe |
| 0:39 | Create | Villager (Male) |
| 0:48 | Build | House |
| 1:00 | Create | Scout Cavalry |
| 1:01 | Build | House |
| 1:10 | Create | Villager (Male) |
| 1:24 | Build | Palisade Wall |
| 1:27 | Create | Scout Cavalry |
| 1:29 | Create | Villager (Male) |
| 1:41 | Build | Palisade Wall |
| 1:46 | Create | Villager (Male) |
| 1:54 | Create | Scout Cavalry |
| 2:04 | Build | Farm |
| 2:04 | Create | Villager (Male) |
| 2:15 | Create | Scout Cavalry |
| 2:26 | Build | House |
| 2:31 | Create | Scout Cavalry |
| 2:35 | Create | Villager (Male) |
| 3:10 | Create | Scout Cavalry |
| 3:13 | Create | Villager (Male) |
| 3:15 | Build | Dock |
| 3:20 | Build | Dock |
| 3:24 | Create | Villager (Male) |
| 3:40 | Create | Fishing Ship |
| 3:45 | Build | House |
| 3:55 | Create | Villager (Male) |
| 3:57 | Build | Farm |
| 3:57 | Build | Farm |
| 4:04 | Create | Fishing Ship |
| 4:14 | Research | Scale Barding Armor |
| 4:20 | Create | Scout Cavalry |
| 4:20 | Create | Scout Cavalry |
| 4:24 | Build | House |
| 4:26 | Create | Fishing Ship |
| 4:26 | Create | Fishing Ship |
| 4:26 | Create | Fishing Ship |
| 4:43 | Create | Villager (Male) |
| 4:43 | Create | Villager (Male) |
| 4:44 | Create | Fishing Ship |
| 5:23 | Create | Fishing Ship |
| 5:23 | Create | Fishing Ship |
| 5:24 | Create | Villager (Male) |
| 5:34 | Create | Villager (Male) |
| 5:36 | Build | Farm |
| 5:39 | Build | Farm |
| 5:39 | Build | Farm |
| 5:40 | Build | Farm |
| 5:48 | Create | Fishing Ship |
| 5:53 | Build | House |
| 6:14 | Create | Villager (Male) |
| 6:32 | Create | Fishing Ship |
| 6:35 | Create | Villager (Male) |
| 6:50 | Build | Farm |
| 7:38 | Create | Fishing Ship |
| 7:39 | Create | Fishing Ship |
| 7:49 | Build | Stable |
| 7:53 | Build | Stable |
| 7:58 | Research | Castle Age |
| 7:58 | Research | Castle Age |
| 7:58 | Research | Castle Age |
| 8:00 | Build | Palisade Gate |
| 8:07 | Build | Mining Camp |
| 8:11 | Build | House |
| 8:12 | Create | Fishing Ship |
| 8:27 | Research | Bloodlines |
| 8:27 | Research | Bloodlines |
| 8:27 | Research | Bloodlines |
| 8:35 | Research | Gold Mining |
| 8:49 | Build | Farm |
| 8:51 | Build | Farm |
| 8:52 | Build | Farm |
| 8:53 | Build | Farm |
| 9:00 | Build | Farm |
| 9:01 | Build | Farm |
| 9:02 | Build | Farm |
| 9:09 | Build | House |
| 9:26 | Create | Villager (Male) |
| 9:43 | Build | Stable |
| 10:01 | Build | House |
| 10:38 | Age | Castle Age |
| 10:40 | Create | Knight |
| 10:40 | Create | Knight |
| 10:40 | Create | Knight |
| 10:41 | Create | Knight |
| 10:43 | Research | Chain Barding Armor |
| 10:43 | Research | Chain Barding Armor |
| 10:44 | Create | Villager (Male) |
| 10:47 | Create | Villager (Male) |
| 10:49 | Build | Town Center |
| 11:01 | Create | Knight |
| 11:05 | Create | Knight |
| 11:13 | Create | Knight |
| 11:19 | Create | Knight |
| 11:24 | Create | Villager (Male) |
| 11:34 | Research | Husbandry |
| 11:34 | Research | Husbandry |
| 11:34 | Research | Husbandry |
| 11:37 | Create | Villager (Male) |
| 11:39 | Build | House |
| 11:50 | Build | Palisade Wall |
| 11:53 | Build | House |
| 12:05 | Create | Knight |
| 12:15 | Build | House |
| 12:17 | Create | Knight |
| 12:27 | Create | Villager (Male) |
| 12:33 | Create | Villager (Male) |
| 12:41 | Build | House |
| 12:47 | Create | Villager (Male) |
| 12:51 | Create | Knight |
| 12:51 | Create | Knight |
| 12:51 | Create | Knight |
| 12:51 | Create | Knight |
| 12:53 | Create | Villager (Male) |
| 13:02 | Create | Villager (Male) |
| 13:04 | Build | Farm |
| 13:05 | Create | Villager (Male) |
| 13:07 | Create | Villager (Male) |
| 13:19 | Create | Knight ×2 |
| 13:19 | Create | Knight ×2 |
| 13:19 | Create | Knight |
| 13:20 | Create | Villager (Male) |
| 13:29 | Build | Lumber Camp |
| 13:30 | Create | Villager (Male) |
| 13:39 | Create | Knight |
| 13:39 | Create | Knight |
| 13:44 | Research | Bow Saw |
| 13:45 | Research | Bow Saw |
| 13:46 | Create | Villager (Male) |
| 13:47 | Create | Villager (Male) |
| 13:51 | Research | Wheelbarrow |
| 13:57 | Create | Knight |
| 13:57 | Create | Knight |
| 13:57 | Create | Knight |
| 14:06 | Create | Villager (Male) |
| 14:09 | Create | Villager (Male) |
| 14:17 | Create | Villager (Male) |
| 14:27 | Create | Villager (Male) |
| 14:29 | Build | House |
| 14:30 | Create | Villager (Male) |
| 14:32 | Create | Knight |
| 14:32 | Create | Knight |
| 14:38 | Create | Villager (Male) |
| 14:41 | Create | Villager (Male) |
| 14:52 | Create | Knight |
| 14:53 | Create | Knight |
| 14:53 | Create | Knight |
Match timeline
| 0:10 | Doc1tA · first_building Archery Range |
| 0:14 | Mrlusu2 · first_building Stable |
| 0:17 | oscaramba · first_building Archery Range |
| 0:19 | H 2 0 · first_building Stable |
| 0:49 | oscaramba · wall_segment Palisade Wall x4 |
| 0:50 | federx · first_building Dock |
| 0:57 | Mrlusu2 · wall_segment Palisade Wall x5 |
| 1:00 | Mrlusu2 · wall_segment Palisade Wall x7 |
| 1:04 | DBKKK · first_building Dock |
| 1:07 | Mrlusu2 · wall_segment Palisade Wall x4 |
| 1:08 | Taylor · first_building Dock |
| 1:18 | Mrlusu2 · wall_segment Palisade Wall x9 |
| 1:24 | H 2 0 · wall_segment Palisade Wall x13 |
| 1:41 | H 2 0 · wall_segment Palisade Wall x12 |
| 1:41 | federx · wall_segment Palisade Wall x2 |
| 1:42 | federx · wall_segment Palisade Wall x5 |
| 1:43 | federx · wall_segment Palisade Wall x4 |
| 1:44 | Mrlusu2 · wall_segment Palisade Wall x2 |
| 1:52 | Mrlusu2 · wall_segment Palisade Wall x6 |
| 1:59 | federx · wall_segment Palisade Wall x7 |
| 2:02 | federx · wall_segment Palisade Wall x1 |
| 2:07 | Mrlusu2 · wall_segment Palisade Wall x3 |
| 2:12 | Mrlusu2 · wall_segment Palisade Wall x2 |
| 2:15 | Mrlusu2 · wall_segment Palisade Wall x9 |
| 2:50 | oscaramba · wall_segment Palisade Wall x4 |
| 3:00 | Mrlusu2 · wall_segment Palisade Wall x2 |
| 3:01 | Mrlusu2 · wall_segment Palisade Wall x2 |
| 3:15 | H 2 0 · first_building Dock |
| 3:18 | federx · first_building Stable |
| 3:33 | Doc1tA · wall_segment Palisade Wall x12 |
| 3:33 | 10552047 · first_building Stable |
| 3:39 | oscaramba · wall_segment Palisade Wall x3 |
| 4:20 | DBKKK · first_building Stable |
| 4:24 | Mrlusu2 · first_building Dock |
| 4:25 | DBKKK · first_building Archery Range |
| 4:32 | Doc1tA · wall_segment Palisade Wall x6 |
| 4:34 | Doc1tA · wall_segment Palisade Wall x8 |
| 4:36 | Doc1tA · wall_segment Palisade Wall x5 |
| 4:38 | Doc1tA · wall_segment Palisade Wall x9 |
| 4:46 | Doc1tA · wall_segment Palisade Wall x7 |
| 5:28 | oscaramba · wall_segment Palisade Wall x6 |
| 5:30 | Doc1tA · wall_segment Palisade Wall x1 |
| 5:32 | Doc1tA · wall_segment Palisade Wall x1 |
| 5:53 | federx · wall_segment Palisade Wall x1 |
| 5:53 | Doc1tA · wall_segment Palisade Wall x1 |
| 5:54 | federx · wall_segment Palisade Wall x1 |
| 5:58 | federx · wall_segment Palisade Wall x4 |
| 6:19 | oscaramba · first_building Stable |
| 6:48 | 10552047 · resign |
| 7:07 | oscaramba · wall_segment Palisade Wall x6 |
| 7:21 | Taylor · first_building Stable |
| 7:46 | Taylor · wall_segment Palisade Wall x1 |
| 7:48 | Taylor · wall_segment Palisade Wall x1 |
| 7:49 | Taylor · wall_segment Palisade Wall x1 |
| 7:57 | Doc1tA · first_market_buy 500 food |
| 7:59 | Doc1tA · first_market_sell 500 wood |
| 8:09 | DBKKK · age_up castle |
| 8:17 | DBKKK · wall_segment Stone Wall x1 |
| 8:53 | Doc1tA · wall_segment Palisade Wall x14 |
| 8:56 | Doc1tA · wall_segment Palisade Wall x6 |
| 8:59 | Doc1tA · wall_segment Palisade Wall x5 |
| 9:01 | Doc1tA · wall_segment Palisade Wall x11 |
| 9:11 | Doc1tA · wall_segment Palisade Wall x12 |
| 9:28 | federx · age_up castle |
| 10:06 | oscaramba · age_up castle |
| 10:15 | oscaramba · first_market_buy 100 food |
| 10:38 | H 2 0 · age_up castle |
| 10:51 | oscaramba · first_market_sell 100 wood |
| 10:58 | federx · wall_segment Palisade Wall x9 |
| 11:01 | federx · wall_segment Palisade Wall x16 |
| 11:03 | federx · wall_segment Palisade Wall x4 |
| 11:22 | Doc1tA · age_up castle |
| 11:22 | DBKKK · first_building Castle |
| 11:50 | H 2 0 · wall_segment Palisade Wall x1 |
| 12:46 | DBKKK · first_building Siege Workshop |
| 13:09 | Doc1tA · first_building Siege Workshop |
| 16:07 | oscaramba · first_building Monastery |
| 16:27 | federx · wall_segment Stone Wall x8 |
| 17:27 | Taylor · tribute_sent a jugador 2 |
| 17:27 | Taylor · tribute_sent a jugador 3 |
| 17:27 | Taylor · tribute_sent a jugador 4 |
| 17:27 | Taylor · tribute_sent a jugador 5 |
| 17:27 | Taylor · tribute_sent a jugador 6 |
| 17:27 | Taylor · tribute_sent a jugador 7 |
| 17:27 | Taylor · tribute_sent a jugador 8 |
| 17:34 | Taylor · first_market_sell 500 stone |
| 17:38 | federx · wall_segment Stone Wall x6 |
| 17:39 | federx · wall_segment Stone Wall x5 |
| 17:46 | Taylor · tribute_sent a jugador 2 |
| 17:46 | Taylor · tribute_sent a jugador 3 |
| 17:46 | Taylor · tribute_sent a jugador 4 |
| 17:46 | Taylor · tribute_sent a jugador 5 |
| 17:46 | Taylor · tribute_sent a jugador 6 |
| 17:46 | Taylor · tribute_sent a jugador 7 |
| 17:46 | Taylor · tribute_sent a jugador 8 |
| 18:08 | Taylor · tribute_sent a jugador 2 |
| 18:08 | Taylor · tribute_sent a jugador 3 |
| 18:08 | Taylor · tribute_sent a jugador 4 |
| 18:08 | Taylor · tribute_sent a jugador 5 |
| 18:08 | Taylor · tribute_sent a jugador 6 |
| 18:08 | Taylor · tribute_sent a jugador 7 |
| 18:08 | Taylor · tribute_sent a jugador 8 |
| 18:18 | DBKKK · first_building Barracks |
| 18:41 | Taylor · tribute_sent a jugador 2 |
| 18:41 | Taylor · tribute_sent a jugador 3 |
| 18:41 | Taylor · tribute_sent a jugador 4 |
| 18:41 | Taylor · tribute_sent a jugador 5 |
| 18:41 | Taylor · tribute_sent a jugador 6 |
| 18:41 | Taylor · tribute_sent a jugador 7 |
| 18:41 | Taylor · tribute_sent a jugador 8 |
| 19:09 | Taylor · tribute_sent a jugador 2 |
| 19:09 | Taylor · tribute_sent a jugador 3 |
| 19:09 | Taylor · tribute_sent a jugador 4 |
| 19:09 | Taylor · tribute_sent a jugador 5 |
| 19:09 | Taylor · tribute_sent a jugador 6 |
| 19:09 | Taylor · tribute_sent a jugador 7 |
| 19:09 | Taylor · tribute_sent a jugador 8 |
| 19:10 | federx · first_building Monastery |
| 19:33 | Taylor · first_market_buy 500 wood |
| 20:13 | Taylor · tribute_sent a jugador 2 |
| 20:13 | Taylor · tribute_sent a jugador 3 |
| 20:13 | Taylor · tribute_sent a jugador 4 |
| 20:13 | Taylor · tribute_sent a jugador 5 |
| 20:13 | Taylor · tribute_sent a jugador 6 |
| 20:13 | Taylor · tribute_sent a jugador 7 |
| 20:13 | Taylor · tribute_sent a jugador 8 |
| 20:46 | Taylor · wall_segment Palisade Wall x1 |
| 20:48 | Taylor · wall_segment Palisade Wall x1 |
| 20:50 | Taylor · wall_segment Palisade Wall x1 |
| 20:53 | Taylor · wall_segment Palisade Wall x1 |
| 21:12 | Doc1tA · wall_segment Palisade Wall x11 |
| 21:14 | Taylor · tribute_sent a jugador 2 |
| 21:14 | Taylor · tribute_sent a jugador 3 |
| 21:14 | Taylor · tribute_sent a jugador 4 |
| 21:14 | Taylor · tribute_sent a jugador 5 |
| 21:14 | Taylor · tribute_sent a jugador 6 |
| 21:14 | Taylor · tribute_sent a jugador 7 |
| 21:14 | Taylor · tribute_sent a jugador 8 |
| 21:15 | Doc1tA · wall_segment Palisade Wall x14 |
| 21:17 | Doc1tA · wall_segment Palisade Wall x4 |
| 21:18 | Doc1tA · wall_segment Palisade Wall x1 |
| 21:23 | Doc1tA · wall_segment Palisade Wall x6 |
| 21:24 | Doc1tA · wall_segment Palisade Wall x16 |
| 22:06 | DBKKK · first_market_buy 100 stone |
| 22:58 | Taylor · tribute_sent a jugador 2 |
| 22:58 | Taylor · tribute_sent a jugador 3 |
| 22:58 | Taylor · tribute_sent a jugador 4 |
| 22:58 | Taylor · tribute_sent a jugador 5 |
| 22:58 | Taylor · tribute_sent a jugador 6 |
| 22:58 | Taylor · tribute_sent a jugador 7 |
| 22:58 | Taylor · tribute_sent a jugador 8 |
[ AI ANALYSIS · 1 CREDIT ]
What really happened in this match?
Wolo.gg analyzes every decision: build order, eco, micro, common mistakes by bracket. Personalized analysis on WhatsApp or Discord in 30 seconds.
Civ guide
Franks
Map guide
Kawasan
Perfil
Jugador #6042200